 Dungeon Crawl Stone Soup version 0.19.4 (webtiles) character file.

588 Naow the Magician (level 7, -2/36 HPs)
             Began as a Deep Elf Fire Elementalist on Feb 5, 2017.
             Killed by nerve-wracking pain
             ... invoked by an orc priest
              (9 damage)
             ... on level 4 of the Dungeon.
             The game lasted 00:08:19 (4345 turns).

Naow the Magician (Deep Elf Fire Elementalist)      Turns: 4345, Time: 00:08:20

Health: -2/36      AC:  3    Str:  5    XL:     7   Next: 15%
Magic:  4/19       EV: 13    Int: 22    God:
Gold:   177        SH:  0    Dex: 15    Spells: 5 memorised, 4 levels left

rFire  . . .     SeeInvis +     (no weapon)
rCold  . . .     Gourm    .     a - +0 robe
rNeg   . . .     Faith    .     (no shield)
rPois  .         Spirit   .     (no helmet)
rElec  .         Reflect  .     g - +0 cloak
rCorr  .         Harm     .     (no gloves)
MR     .....                    (no boots)
Stlth  ++........               p - amulet of regeneration
                                (no ring)
                                e - ring of see invisible (curse)

@: very slightly contaminated
A: no striking features
a: no special abilities


You were on level 4 of the Dungeon.
You were hungry.

You visited 2 branches of the dungeon, and saw 5 of its levels.

You collected 177 gold pieces.

Inventory:

Armour
 a - a +0 robe (worn)
 f - a +0 helmet
 g - a +0 cloak (worn)
 r - a +0 pair of boots
Jewellery
 e - a cursed ring of see invisible (left hand)
 p - an amulet of regeneration (around neck)
 z - a +4 ring of evasion {unknown}
 A - an uncursed ring of stealth {unknown}
Scrolls
 h - 6 scrolls of remove curse {unknown}
 j - 3 scrolls of amnesia {unknown}
 m - 4 scrolls of identify {unknown}
 o - a scroll of enchant weapon {unknown}
 u - a scroll of fear {unknown}
 x - a scroll of random uselessness {unknown}
 y - a scroll of noise {unknown}
Potions
 d - a potion of heal wounds
 i - 2 potions of berserk rage {unknown}
 k - 2 potions of magic {unknown}
 q - 3 potions of agility {unknown}
 s - 2 potions of haste {unknown}
 t - 3 potions of curing {unknown}
 w - a potion of lignification {unknown}
 B - a potion of might {unknown}
Books
 b - a book of Flames

   Spells                             Type                      Level
   a - Flame Tongue                   Conjuration/Fire             1
   b - Throw Flame                    Conjuration/Fire             2
   c - Conjure Flame                  Conjuration/Fire             3
   d - Inner Flame                    Hexes/Fire                   3
   e - Sticky Flame                   Conjuration/Fire             4
   f - Fireball                       Conjuration/Fire             5
Comestibles
 c - 3 bread rations
 l - a meat ration
 n - a slice of pizza
 v - 2 beef jerkies
 C - 6 chunks of flesh


   Skills:
 - Level 2.4 Dodging
 - Level 2.4 Stealth
 + Level 6.6 Spellcasting
 + Level 4.4 Conjurations
 + Level 6.0 Fire Magic


You had 4 spell levels left.
You knew the following spells:

 Your Spells              Type           Power        Failure   Level  Hunger
a - Flame Tongue          Conj/Fire      ####.        1%          1    None
b - Throw Flame           Conj/Fire      ####..       1%          2    None
c - Conjure Flame         Conj/Fire      ####....     3%          3    #......
d - Sticky Flame          Conj/Fire      ####....     12%         4    ###....
e - Fireball              Conj/Fire      ####......   34%         5    #####..


Dungeon Overview and Level Annotations

Branches:
Dungeon (4/15)             Temple (1/1) D:4

Altars:
Ashenzari
Cheibriados
Dithmenos
Elyvilon
Fedhas
Gozag
Hepliaklqana
Kikubaaqudgha
Makhleb
Nemelex Xobeh
Okawaru
Qazlal
Ru
Sif Muna
Trog
Uskayaw
Xom
Yredelemnul
Zin
The Shining One


Message History

The orc priest begins to cast a cantrip, but forgets the words!
You are feeling hungry.
The orc priest calls down the wrath of Beogh upon you.
Beogh smites you!
* * * LOW HITPOINT WARNING * * *
Casting: Flame Tongue
Confirm with . or Enter, or press ? or * to list all spells.
Aiming: Sticky Flame
Press: ? - help, Shift-Dir - straight line, f/p - orc priest
Aim: an orc priest, wielding a whip and wearing a leather armour (moderately wounded)
You miscast Sticky Flame.
You are very lightly contaminated with residual magic.
The air around you burns with energy! The orc priest closely misses you.
Casting: Sticky Flame
Confirm with . or Enter, or press ? or * to list all spells.
You don't have enough magic to cast that spell.
Unknown command.
The orc priest invokes the aid of Beogh against you.
Pain shoots through your body!
You die...

.#####......##....####.#.....#
....##....####.....# #..#.#
..........# ##.##.###...##
..........# ##.##..##....##
..........# #...##..#.....#
...........###.........##.....
..................####.# ##...
........#...._...# ###.# #..
.....# .......@###...##.. ..
....# .........o..........
...# ...................# ##.
##......##..#.....## #
##....##..###....# #.... ..##
.....# #....... ......
........# ...### ###.. .#


You could see an orc priest.

Vanquished Creatures
  The ghost of kaisn the Chopper, an amateur GrBe of Trog (D:3)
  A gnoll sergeant (D:4)
  A quasit (D:3)
  A hound (D:3)
  2 orc wizards
  2 worker ants (D:4)
  5 gnolls (D:4)
  9 adders
  A howler monkey skeleton (D:4)
  A dart slug (D:1)
  2 worms (D:2)
  3 leopard geckos
  10 orcs
  9 bats
  6 giant cockroaches
  10 goblins
  9 hobgoblins
  3 jackals (D:2)
  A quokka (D:3)
  A ball python (D:2)
  5 frilled lizards
  13 kobolds
  8 rats
104 creatures vanquished.

Notes
Turn   | Place    | Note
-------+----------+-------------------------------------------
     0 | D:1      | Naow the Deep Elf Fire Elementalist began the quest for the Orb.
     0 | D:1      | Reached XP level 1. HP: 10/10 MP: 6/6
   262 | D:1      | Reached XP level 2. HP: 15/15 MP: 6/8
   266 | D:1      | Learned a level 2 spell: Throw Flame
  1090 | D:1      | Reached XP level 3. HP: 19/19 MP: 8/10
  1095 | D:1      | Learned a level 3 spell: Conjure Flame
  1575 | D:2      | Found an opulent altar of Gozag.
  1575 | D:2      | Found a sacrificial altar of Ru.
  1807 | D:2      | Reached XP level 4. HP: 22/24 MP: 7/12
  2246 | D:2      | Found a shimmering altar of Xom.
  2248 | D:2      | Found a white marble altar of Elyvilon.
  2248 | D:2      | Found a hide-covered altar of Uskayaw.
  2388 | D:2      | Found a stormy altar of Qazlal.
  2388 | D:2      | Found a blossoming altar of Fedhas.
  2388 | D:2      | Found a hazy altar of Hepliaklqana.
  2473 | D:2      | Found a burning altar of Makhleb.
  2621 | D:3      | Reached skill level 5 in Spellcasting
  2621 | D:3      | Reached XP level 5. HP: 25/28 MP: 3/14
  2728 | D:3      | Learned a level 4 spell: Sticky Flame
  2797 | D:3      | Noticed kaisn's ghost (amateur GrBe)
  3127 | D:3      | Found a faded altar of an unknown god.
  3159 | D:3      | Reached skill level 5 in Fire Magic
  3233 | D:3      | Killed kaisn's ghost
  3233 | D:3      | Reached XP level 6. HP: 32/32 MP: 3/17
  3240 | D:3      | Learned a level 5 spell: Fireball
  3663 | D:4      | Found a staircase to the Ecumenical Temple.
  3693 | Temple   | Entered the Ecumenical Temple
  4143 | D:4      | Reached XP level 7. HP: 26/36 MP: 12/18
  4303 | D:4      | Found a snail-covered altar of Cheibriados.
  4345 | D:4      | Killed from afar by an orc priest

Skill      XL: |  1  2  3  4  5  6  7 |
---------------+----------------------+-----
Spellcasting   | 4 5 6 |  6.6
Conjurations   | 2 3 4 |  4.4
Fire Magic     | 4 5 6 |  6.0
Dodging        | |  2.4
Stealth        | |  2.4

Action                   |  1- 3 |  4- 6 |  7- 9 || total
-------------------------+-------+-------+-------++-------
Melee: Unarmed           |     8 |     1 |       ||     9
 Cast: Flame Tongue      |    65 |   126 |    22 ||   213
       Throw Flame       |     2 |     6 |       ||     8
       Conjure Flame     |       |     2 |       ||     2
       Sticky Flame      |       |       |     2 ||     2
  Use: Potion            |       |       |     1 ||     1
  Eat: Chunk             |     3 |     6 |     1 ||    10
Armor: Robe              |     9 |    16 |     2 ||    27
Dodge: Dodged            |    23 |    47 |    15 ||    85
